Map: Ascension to Aiur LE

Players

Namshar

  • Race: Zerg Zerg
  • League: Grandmaster
  • Spawn Location: 5:00

NightEnD - Winner!

  • Race: Protoss Protoss
  • League: Master
  • Spawn Location: 11:00

Event: HomeStory Cup XVI

VOD

Have the link to the VOD?

Description

Time

  • Played on: Nov. 10, 2017, 3:27 p.m.
  • Length: 12:04

All games in this series

Show
View Real Time Build Order
Export as new Build Order

Namshar Zerg 

Build Orders: Hatch First, Lurkers 

Get SALT Encoding   

  12  0:00  Drone  
  13  0:12  Overlord  
  13  0:16  Drone  
  14  0:30  Drone x2  
  14  0:34  Drone  
  17  0:50  Hatchery  
  17  0:53  Drone  
  17  0:56  Drone  
  18  1:07  Extractor  
  17  1:12  Spawning Pool  
  17  1:15  Drone  
  17  1:18  Drone  
  18  1:27  Drone  
  19  1:38  Overlord  
  19  1:49  Drone  
  20  1:58  Queen  
  20  1:59  Zergling x2  
  23  2:02  Queen, Zergling x2  
  23  2:06  Metabolic Boost  
  26  2:10  Drone  
  26  2:13  Drone  
  28  2:21  Drone  
  29  2:24  Drone  
  30  2:37  Hatchery  
  30  2:38  Drone  
  30  2:44  Pneumatized Carapace  
  30  2:49  Overlord  
  30  2:52  Drone  
  30  2:56  Drone x2  
  30  2:58  Drone  
  34  3:04  Drone  
  35  3:11  Drone x4  
  39  3:16  Overlord  
  39  3:18  Drone  
  39  3:19  Drone  
  41  3:24  Queen  
  43  3:33  Overlord  
  43  3:34  Drone  
  44  3:46  Overlord  
  44  3:48  Drone  
  44  3:49  Drone x4  
  44  3:52  Drone  
  51  3:55  Drone  
  51  4:01  Evolution Chamber, Lair  
  51  4:02  Queen  
  52  4:03  Drone x3  
  55  4:10  Queen, Drone  
  55  4:15  Drone x2  
  55  4:16  Extractor  
  59  4:18  Drone x3  
  62  4:27  Overlord  
  62  4:28  Overlord  
  62  4:29  Zerg Melee Weapons Level 1  
  62  4:30  Drone x3  
  65  4:32  Extractor, Drone  
  65  4:36  Overlord  
  65  4:45  Overlord x2  
  65  4:51  Drone x3  
  69  4:52  Drone  
  69  4:53  Drone  
  69  4:54  Drone  
  69  4:57  Overlord  
  71  5:02  Hatchery  
  70  5:07  Drone x6  
  70  5:10  Extractor  
  70  5:11  Extractor  
  73  5:20  Hydralisk Den, Baneling Nest  
  71  5:23  Hatchery  
  71  5:25  Drone x4  
  71  5:26  Zergling x8  
  78  5:28  Overlord  
  78  5:40  Overlord x2  
  78  5:43  Queen  
  78  5:46  Overlord x2  
  80  5:50  Overlord x2  
  80  5:51  Zergling x8  
  80  5:55  Zergling x2  
  80  5:56  Zergling x4  
  87  6:03  Zergling x10  
  87  6:04  Zergling x4  
  94  6:09  Centrifical Hooks  
  94  6:11  Muscular Augments  
  94  6:13  Hydralisk x2  
  94  6:14  Hydralisk  
  100  6:21  Hydralisk x3  
  106  6:30  Overlord  
  106  6:31  Hydralisk  
  106  6:32  Hydralisk  
  110  6:33  Zerg Melee Weapons Level 2  
  110  6:41  Drone  
  110  6:42  Extractor, Drone x3  
  107  6:57  Drone  
  107  6:58  Spire, Drone  
  107  6:59  Drone x13  
  116  7:19  Hydralisk x4  
  116  7:20  Hydralisk x5  
  116  7:22  Extractor  
  133  7:24  Drone x3  
  136  7:31  Hydralisk  
  136  7:32  Hydralisk  
  136  7:34  Overlord  
  140  7:38  Hatchery  
  140  7:39  Hydralisk x2  
  140  7:40  Hydralisk  
  140  7:42  Overlord  
  140  7:43  Overseer  
  145  7:45  Drone  
  145  7:48  Hydralisk x3  
  145  7:49  Zergling x2  
  153  7:57  Zergling x16  
  154  8:09  Drone  
  154  8:11  Infestation Pit  
  154  8:12  Drone  
  155  8:13  Lurker Den  
  155  8:14  Corruptor x2  
  155  8:15  Corruptor x2  
  162  8:23  Corruptor, Zergling x14  
  162  8:25  Corruptor  
  173  8:27  Overlord  
  173  8:29  Zerg Flyer Weapons Level 1  
  173  8:31  Drone  
  173  8:32  Extractor, Drone x2  
  173  8:33  Drone  
  176  8:38  Corruptor  
  176  8:40  Corruptor  
  180  8:45  Baneling x4  
  180  8:47  Baneling x2  
  181  8:48  Zergling x6  
  181  8:49  Zergling x10  
  188  9:00  Corruptor x2  
  189  9:07  Queen  
  189  9:08  Hive  
  184  9:14  Queen  
  184  9:16  Corruptor x2  
  189  9:28  Overseer  
  189  9:36  Drone x5  
  194  9:41  Drone  
  194  9:42  Zerg Ground Armor Level 1  
  194  9:43  Evolution Chamber  
  191  9:52  Lurker x4, Spine Crawler x3  
  177  9:53  Lurker x2  
  177  9:55  Spine Crawler  
  177  9:56  Spine Crawler  
  177  9:57  Drone x5  
  177  9:58  Drone x3  
  185  10:02  Zergling x2  
  185  10:03  Zergling x26  
  196  10:39  Hydralisk, Zergling x2  
  196  10:40  Zergling x4  
  189  10:49  Hydralisk, Zergling x4  
  168  10:50  Zergling x20  
  168  10:51  Hydralisk x5  
  168  10:52  Hydralisk x7  
  168  10:57  Hydralisk  
  172  11:00  Baneling x4  
  172  11:01  Hydralisk, Zergling x2  
  172  11:02  Zergling x8  
  172  11:03  Hydralisk  
  178  11:09  Baneling x6  
  178  11:10  Hydralisk, Zergling x2  
  178  11:11  Zergling x2  
  178  11:16  Zergling x6  
  170  11:20  Zergling x2  
  170  11:25  Zergling x10  
  133  11:35  Drone  
  133  11:36  Drone x7  
Show
View Real Time Build Order
Export as new Build Order

NightEnD Protoss - Winner!

Build Orders: 1 Gate Expand, Zealot Archon, Colossus Rush 

Get SALT Encoding   

  12  0:03  Probe (Chrono Boost)  
  14  0:15  Probe (Chrono Boost)  
  14  0:19  Pylon  
  14  0:27  Probe (Chrono Boost)  
  15  0:35  Probe (Chrono Boost)  
  15  0:40  Gateway  
  15  0:41  Probe (Chrono Boost)  
  17  0:53  Probe (Chrono Boost)  
  17  0:54  Assimilator  
  19  1:05  Probe (Chrono Boost)  
  19  1:18  Probe (Chrono Boost)  
  20  1:28  Nexus  
  21  1:32  Probe (Chrono Boost)  
  21  1:41  Cybernetics Core  
  21  1:46  Probe (Chrono Boost)  
  22  1:54  Pylon  
  22  1:55  Assimilator  
  22  2:00  Zealot, Probe (Chrono Boost)  
  23  2:13  Probe (Chrono Boost)  
  26  2:18  Warp Gate  
  26  2:19  Stalker  
  26  2:25  Probe (Chrono Boost)  
  29  2:36  Probe (Chrono Boost)  
  30  2:38  Shield Battery, Probe (Chrono Boost)  
  31  2:45  Probe (Chrono Boost)  
  31  2:49  Sentry  
  31  2:50  Probe (Chrono Boost)  
  35  2:57  Probe (Chrono Boost)  
  36  3:02  Probe (Chrono Boost)  
  37  3:06  Probe (Chrono Boost)  
  37  3:12  Probe (Chrono Boost)  
  39  3:13  Gateway  
  39  3:14  Probe (Chrono Boost)  
  39  3:16  Sentry  
  39  3:18  Pylon  
  42  3:23  Probe (Chrono Boost)  
  42  3:26  Probe (Chrono Boost)  
  44  3:30  Gateway  
  45  3:35  Probe (Chrono Boost)  
  45  3:38  Probe (Chrono Boost)  
  45  3:40  Pylon  
  46  3:46  Probe (Chrono Boost)  
  47  3:50  Probe (Chrono Boost)  
  47  3:52  Probe (Chrono Boost)  
  48  3:59  Assimilator  
  48  4:02  Probe x2 (Chrono Boost)  
  51  4:03  Assimilator  
  51  4:07  Twilight Council  
  51  4:09  Forge  
  51  4:13  Robotics Facility  
  51  4:14  Probe x2 (Chrono Boost)  
  53  4:22  Pylon  
  53  4:23  Sentry x2  
  57  4:26  Probe x2 (Chrono Boost)  
  59  4:38  Probe (Chrono Boost)  
  61  4:39  Probe (Chrono Boost)  
  61  4:45  Charge, Protoss Ground Weapons Level 1  
  61  4:49  Nexus  
  61  4:50  Probe (Chrono Boost)  
  61  4:51  Probe (Chrono Boost)  
  63  4:55  Pylon  
  63  5:02  Probe (Chrono Boost)  
  63  5:03  Probe (Chrono Boost)  
  63  5:05  Robotics Bay  
  65  5:10  Observer  
  68  5:14  Probe (Chrono Boost)  
  68  5:15  Probe (Chrono Boost)  
  68  5:18  Gateway  
  68  5:20  Gateway  
  68  5:22  Gateway  
  68  5:26  Probe (Chrono Boost)  
  68  5:27  Probe (Chrono Boost)  
  70  5:37  Colossus  
  70  5:38  Probe (Chrono Boost)  
  70  5:39  Probe (Chrono Boost)  
  72  5:49  Pylon  
  73  5:50  Probe (Chrono Boost), Pylon  
  73  5:51  Probe (Chrono Boost)  
  74  5:58  Extended Thermal Lance  
  74  6:03  Probe (Chrono Boost)  
  74  6:04  Probe x2 (Chrono Boost)  
  83  6:11  Protoss Ground Weapons Level 2  
  83  6:15  Gateway, Probe (Chrono Boost), Colossus  
  83  6:16  Probe x2 (Chrono Boost)  
  83  6:18  Gateway  
  86  6:19  Gateway  
  86  6:27  Photon Cannon, Assimilator  
  86  6:29  Pylon  
  92  6:32  Assimilator  
  92  6:34  Templar Archives  
  92  6:38  Pylon  
  92  6:43  Blink  
  92  6:48  Zealot x4  
  100  6:56  Zealot  
  100  6:58  Zealot  
  100  7:00  Photon Cannon  
  104  7:01  Warp Prism  
  104  7:05  Photon Cannon  
  104  7:10  Photon Cannon  
  104  7:14  Photon Cannon  
  106  7:19  Shield Battery  
  106  7:20  High Templar x4, Shield Battery  
  114  7:24  Archon x2  
  114  7:26  Stalker x2  
  118  7:30  Pylon  
  118  7:33  Pylon x2  
  118  7:37  Pylon  
  118  7:58  Stalker x8  
  132  8:08  Nexus  
  132  8:10  Observer  
  132  8:12  Pylon  
  132  8:13  Pylon  
  132  8:24  Colossus  
  132  8:26  High Templar x4  
  140  8:27  Zealot x3  
  140  8:28  Zealot  
  140  8:31  Archon  
  140  8:32  Stalker, Archon  
  150  8:37  Probe x3 (Chrono Boost)  
  159  9:04  Warp Prism  
  155  9:12  Stalker x8  
  165  9:17  Pylon  
  165  9:19  Pylon  
  167  9:36  Stalker x7  
  181  9:44  Photon Cannon  
  181  9:50  Photon Cannon  
  181  9:58  Shield Battery  
  181  10:04  Stalker x5  
  181  10:05  Stalker x2  
  195  10:13  Assimilator  
  195  10:17  Assimilator  
  195  10:26  Observer  
  195  10:40  Observer  
  195  10:42  Stalker x3  
  185  10:43  Stalker x6  
  172  10:56  Colossus  
  156  11:07  Zealot x9  
  162  11:34  Stalker  
  162  11:36  Zealot x8  
  160  11:57  Stalker x9  
Tags
 
Add a new tag
Caveats
  • Supply blocks, unpowered buildings, or Contaminate may cause inaccurate times.
  • Supply counts are checked every 10 seconds.